 Dungeon Crawl Stone Soup version 0.31-a0-523-g071a6c1ffa (webtiles) character file.

Game seed: 5959702407538325832

5994 zenocrate the Grappler (level 10, -9/65 HPs)
             Began as an Octopode Shapeshifter on Aug 11, 2023.
             Was an Initiate of Gozag.
             Mangled by a six-headed hydra (13 damage)
             ... on level 8 of the Dungeon.
             The game lasted 00:10:19 (7706 turns).

zenocrate the Grappler (Octopode Shapeshifter)      Turns: 7706, Time: 00:10:20

Health: -9/65      AC:  5    Str: 17    XL:     10   Next: 85%
Magic:  14/14      EV: 14    Int: 11    God:    Gozag
Gold:   2249       SH:  0    Dex: 14    Spells: 12/15 levels left

rFire   . .          .
                       - Unarmed
rCold   . . .        (shield currently unavailable)
rNeg    . . .        (helmet restricted)
rPois   .            r - amulet of regeneration
rElec   .            e - +4 ring of protection
rCorr   .            (no ring)
SInv    .            (no ring)
Will    .....        (no ring)
Stlth   +            (no ring)
HPRegen 1.10/turn    (no ring)
MPRegen 0.14/turn    (no ring)
                     (no ring)

%: no passive effects
@: flux-form, glowing, studying Unarmed Combat
A: glow, contaminating, almost no armour, amphibious, 8 rings, camouflage 1,
gelatinous body 1, (nimble swimmer 1), tentacles
a: Begin Untransformation, Renounce Religion, Potion Petition, Call Merchant,
Bribe Branch


You were on level 8 of the Dungeon.
You worshipped Gozag.
Gozag was most pleased with you.
You were something dangerously unstable.
You visited 2 branches of the dungeon, and saw 9 of its levels.
You also visited: Sewer.

You collected 3615 gold pieces.
You spent 1314 gold pieces at shops.
You paid 52 gold pieces to Gozag.

Inventory:

Missiles
 a - 5 boomerangs
 m - 20 poisoned darts (quivered)
 z - a curare-tipped dart
Jewellery
 e - a +4 ring of protection (left tentacle)
 r - an amulet of regeneration (around mantle)
Talismans
 b - a beast talisman
 c - a flux talisman (active)
Wands
 t - a wand of flame (16)
 y - a wand of acid (16)
 A - a wand of iceblast (7)
Scrolls
 d - a scroll of amnesia
 j - 2 scrolls of immolation
 n - 2 scrolls of poison
 p - 2 scrolls of teleportation
 u - 2 scrolls of vulnerability {unknown}
 v - a scroll of blinking
 w - a scroll of enchant weapon {unknown}
 x - a scroll of enchant armour {unknown}
Potions
 f - a potion of resistance {unknown}
 g - a potion of enlightenment
 h - 8 potions of curing
 k - 2 potions of cancellation
 l - 2 potions of heal wounds
 o - a potion of attraction
 q - 2 potions of magic
 s - 2 potions of mutation


   Skills:
 + Level 4.5 Fighting
 - Level 3.1 Dodging
 + Level 13.2 Unarmed Combat
 - Level 3.0 Spellcasting
 - Level 6.6 Evocations
 + Level 8.5 Shapeshifting


You had 12 spell levels left.
You knew the following spells:

 Your Spells              Type           Power      Damage    Failure   Level
a - Tukima's Dance        Hex            1%         N/A       61%         3

Your spell library contained the following spells:

 Spells                   Type           Power      Damage    Failure   Level
 Sandblast                Erth           2%         2d4       26%         1
 Sting                    Tmut/Pois      4%         1d3       26%         1
 Summon Small Mammal      Summ           4%         N/A       26%         1
 Passwall                 Tmut/Erth      0%         N/A       36%         2
 Portal Projectile        Hex/Tloc       2%         N/A       61%         3
 Stone Arrow              Conj/Erth      2%         3d7       61%         3
 Iskenderun's Mystic Bla  Conj/Tloc      1%         2d3       95%         4


Dungeon Overview and Level Annotations

Branches:
Dungeon (8/15)             Temple (1/1) D:6           Sewer (visited)
   Lair: D:8-11

Altars:
Cheibriados
Dithmenos
Elyvilon
Fedhas
Gozag
Hepliaklqana
Kikubaaqudgha
Makhleb
Nemelex Xobeh
Okawaru
Qazlal
Ru
Sif Muna
Trog
Uskayaw
Vehumet
Wu Jian
Xom
Yredelemnul
The Shining One

Shops:
D:4 [=:   D:5 !   D:7 *(


Innate Abilities, Weirdness & Mutations

You are something dangerously unstable.
You glow with magical radiation, making you easy to see and hit.
Foes you strike become dangerously contaminated with magical radiation.
You are incapable of wielding weapons or throwing items.
You cannot wear most types of armour.
You are amphibious.
You can wear up to eight rings at the same time.
Your skin changes colour to match your surroundings (Stealth+).
Your rubbery body absorbs attacks. (AC +1, EV +1)
((You are camouflaged when in or above water. (Stealth+)))
You have tentacles for arms and can constrict up to eight enemies at once.


Message History

The wyvern shudders as magic cascades through it!!
You kill the wyvern!
You now have 2249 gold pieces (gained 18).
A six-headed hydra is nearby!
A six-headed hydra is nearby!
A six-headed hydra is nearby!
Unknown command.
Okay, then.
Okay, then.
Aiming: Corrosive Bolt
Press: ? - help, Shift-Dir - straight line, f - six-headed hydra
Aim: a six-headed hydra (91% to hit)
The bolt of acid hits the six-headed hydra!
The acid corrodes the six-headed hydra!
The six-headed hydra is lightly wounded.
Aiming: Corrosive Bolt
Press: ? - help, Shift-Dir - straight line, f/p - six-headed hydra
Aim: a six-headed hydra (lightly wounded, covered in acid, 91% to hit)
The bolt of acid hits the six-headed hydra!
The six-headed hydra seems to be corroded for longer.
The six-headed hydra is moderately wounded.
You tentacle-slap the six-headed hydra.
The six-headed hydra begins to glow.
The six-headed hydra is moderately wounded.
The six-headed hydra bites you.
The six-headed hydra closely misses you.
The six-headed hydra bites you. The six-headed hydra bites you!
The six-headed hydra bites you. The six-headed hydra bites you!
Unknown command.
You tentacle-slap the six-headed hydra.
The six-headed hydra glows dangerously bright.
You squeeze the six-headed hydra!
The six-headed hydra is heavily wounded.
The six-headed hydra misses you. The six-headed hydra bites you.
The six-headed hydra bites you!
* * * LOW HITPOINT WARNING * * *
The six-headed hydra bites you!
* * * LOW HITPOINT WARNING * * *
The six-headed hydra bites you!
You die...
Your body crumbles into a pile of gold.

##..... #..###.....#
#......[.. #.{...#
#...##...### ####......
##.....#####......## ##.....
.......##.......## ##.....
>..............## #....##
##.............# ##...##
##.............## #....#
#...........#...### ##...##
..>...........$DB.## ##..###
..##.........###...#####..##
#####......### ###...##.###
# ##.....# ###....# #....##
#....## ##..## #.....# #...#
##.....## ###.# #..#....#
### ##..#....##


You could see a six-headed hydra (heavy contam, corroded).

Vanquished Creatures
  A boulder beetle (D:7)
  A manticore (D:8)
  A hornet (D:8)
  A wyvern (D:8)
  Menkaure (D:7)
  2 steam dragons
  A water moccasin (D:7)
  Duvessa (D:7)
  2 orc warriors
  4 ice beasts
  2 ogres
  3 black bears
  2 phantoms
  4 centaurs
  4 kobold brigands
  6 bullfrogs
  11 wights
  Dowan (D:7)
  3 killer bees (D:8)
  3 howler monkeys
  An electric eel (D:6)
  A crimson imp (D:8)
  6 hounds
  4 jellies
  2 gnoll boudas
  2 orc priests (D:7)
  3 sleepcaps
  5 iguanas
  5 orc wizards
  13 adders
  11 gnolls
  4 white imps
  An ufetubus (D:4)
  A worm (D:6)
  5 dart slugs
  20 orcs
  7 ball pythons
  4 bats
  7 endoplasms
  11 giant cockroaches
  7 goblins
  6 hobgoblins
  7 quokkas
  14 frilled lizards
  20 kobolds
  3 rats
224 creatures vanquished.

Notes
Turn   | Place    | Note
-------+----------+-------------------------------------------
     0 | D:1      | zenocrate the Octopode Shapeshifter began the quest for the
                  | Orb.
     0 | D:1      | Reached XP level 1. HP: 13/13 MP: 1/1
    77 | D:1      | Reached XP level 2. HP: 18/18 MP: 2/2
   954 | D:2      | Reached XP level 3. HP: 23/23 MP: 3/3
  1090 | D:2      | Found a faded altar of an unknown god.
  1095 | D:2      | Got Plato's Incunable of Beckoning
  1166 | D:2      | Identified the +0 ring mail of Compression {Will++ Regen+
                  | Int-4}
  1584 | D:2      | Reached skill level 4 in Unarmed Combat
  1584 | D:2      | Reached XP level 4. HP: 17/28 MP: 4/4
  1883 | D:2      | Learned a level 3 spell: Tukima's Dance
  2267 | D:3      | Found an iron altar of Okawaru.
  2268 | D:3      | Found a white marble altar of Elyvilon.
  2354 | D:3      | Identified 3 scrolls of acquirement
  2354 | D:3      | Acquired 943 gold pieces
  2358 | D:3      | Acquired a manual of Unarmed Combat
  2360 | D:3      | Acquired 1222 gold pieces
  2725 | D:3      | Found an opulent altar of Gozag.
  2728 | D:3      | Found a hazy altar of Hepliaklqana.
  2891 | D:4      | Found Soidaen's Book Shoppe.
  2893 | D:4      | Found Heuqin's Jewellery Emporium.
  2895 | D:4      | Found Gatax's Antique Armour Shoppe.
  2954 | D:4      | Reached XP level 5. HP: 30/33 MP: 5/5
  2986 | D:4      | Noticed an ogre
  2991 | D:4      | Killed an ogre
  2992 | D:4      | Reached skill level 5 in Unarmed Combat
  3011 | D:3      | Became a worshipper of Gozag Ym Sagoz the Greedy
  3030 | D:4      | Noticed an ice beast
  3045 | D:4      | Killed an ice beast
  3046 | D:4      | Reached skill level 6 in Unarmed Combat
  3046 | D:4      | Reached XP level 6. HP: 23/38 MP: 6/6
  3256 | D:4      | Noticed a black bear
  3260 | D:4      | Killed a black bear
  3261 | D:4      | Reached skill level 1 in Evocations
  3657 | D:5      | Entered Level 5 of the Dungeon
  3665 | D:5      | Reached XP level 7. HP: 38/43 MP: 7/7
  3671 | D:5      | Reached skill level 7 in Unarmed Combat
  3751 | D:5      | Reached skill level 8 in Unarmed Combat
  3839 | D:5      | Reached skill level 5 in Shapeshifting
  3913 | D:5      | Found Hodic's Distillery.
  3920 | D:5      | Bought a potion of might for 48 gold pieces
  3920 | D:5      | Bought 2 potions of curing for 72 gold pieces
  3920 | D:5      | Bought a potion of heal wounds for 60 gold pieces
  3947 | D:5      | Reached XP level 8. HP: 38/48 MP: 8/8
  4014 | D:5      | Reached skill level 9 in Unarmed Combat
  4279 | D:6      | Reached skill level 1 in Spellcasting
  4382 | D:6      | Found a staircase to the Ecumenical Temple.
  4786 | D:6      | Reached skill level 10 in Unarmed Combat
  4792 | D:6      | Reached XP level 9. HP: 40/53 MP: 12/12
  4905 | D:6      | Found a snail-covered altar of Cheibriados.
  4983 | D:6      | Found a glowing drain.
  4994 | Sewer    | Entered a sewer
  5035 | Sewer    | Reached skill level 5 in Evocations
  5411 | Temple   | Entered the Ecumenical Temple
  5482 | D:7      | Noticed Dowan
  5484 | D:7      | Noticed Duvessa
  5493 | D:7      | Killed Duvessa
  5495 | D:7      | Killed Dowan
  5659 | D:7      | Reached skill level 11 in Unarmed Combat
  5676 | D:7      | Noticed a boulder beetle
  5708 | D:7      | Killed a boulder beetle
  5709 | D:7      | Reached XP level 10. HP: 24/58 MP: 14/14
  5790 | D:7      | Found Irchoapsa's Weapon Boutique.
  6010 | D:7      | Reached skill level 12 in Unarmed Combat
  6050 | D:7      | Noticed Menkaure
  6062 | D:7      | Killed Menkaure
  6300 | D:7      | Found a shimmering blue altar of Sif Muna.
  6325 | D:7      | Got Sif Muna's Information on the Dose
  6488 | D:7      | Found Iffy Binei's Overcharged Wands.
  6492 | D:7      | Bought a wand of acid (18) for 1134 gold pieces
  6674 | D:8      | Found a radiant altar of Vehumet.
  7045 | D:8      | Noticed a manticore
  7367 | D:8      | Identified the +0 dagger of the Distant Future {heavy,
                  | rPois rC- Str+2}
  7377 | D:8      | Killed a manticore
  7379 | D:8      | Reached skill level 13 in Unarmed Combat
  7413 | D:8      | Noticed a six-headed hydra
  7536 | D:8      | Found a shimmering altar of Xom.
  7536 | D:8      | Found a burning altar of Makhleb.
  7706 | D:8      | Mangled by a six-headed hydra

Illustrated notes

Levels and vault maps discovered:
D:1:      heliophobic_arrival_henge, layout_basic
D:2:      layout_loops_ring, shapermc_ecumenical_altar_rom_forum,
          nrook_mini_backslash, minmay_tetromino_t2
D:3:      layout_basic, nicolae_overflow_hidden_temple, minmay_lizard_king
D:4:      layout_loops_ring, nicolae_wooded_promenade, serial_bayou_lagoon_a
D:5:      layout_cave_pools, serial_shops, shop, chequers_garden
D:6:      layout_loops_ring, slow_altar_1, minmay_temple_entry_waves,
          gup_sewer_entry_bubbles, fountainhead
D:7:      nzn_winding_woodlands_small
          [nzn_winding_woodlands_5x15_river_crossing,
          nzn_winding_woodlands_center_lodge, nzn_winding_woodlands_5x15_pool],
          layout_basic, led_sif_book, serial_shops, nicolae_shop_crystal,
          nicolae_shop_overcharged_wands, uniq_menkaure, uniq_duvessa
D:8:      layout_layer_cave, mainiacjoe_overflow_catwalk,
          grunt_temple_overflow_champion_of_chaos, minmay_pinched_square
Temple:   jpeg_temple_clearing

Skill      XL: |  1  2  3  4  5  6  7  8  9 10 |
---------------+-------------------------------+-----
Unarmed Combat | 4 6 8 10 11 13 | 13.2
Dodging        | 3 |  3.1
Shapeshifting  | 4 5 7 8 |  8.5
Evocations     | 1 3 4 6 |  6.6
Spellcasting   | 2 3 |  3.0
Fighting       | 4 |  4.5

Action                     |  1- 3 |  4- 6 |  7- 9 | 10-12 || total
---------------------------+-------+-------+-------+-------++-------
  Melee: Unarmed           |    60 |    70 |   212 |   158 ||   500
         Constrict         |    21 |    12 |    43 |    42 ||   118
         Tentacles         |    13 |    15 |    44 |    38 ||   110
         Punch             |       |     1 |    13 |       ||    14
  Evoke: Wand              |       |     3 |     1 |     5 ||     9
    Use: Scroll            |     5 |     6 |     7 |     4 ||    22
         Potion            |       |     1 |     5 |     3 ||     9
   Stab: Sleeping          |     6 |    10 |     9 |       ||    25
         Invisible         |       |     1 |       |       ||     1
         Distracted        |       |       |       |     2 ||     2
 Armour: Skin              |     8 |     7 |    34 |    23 ||    72
  Dodge: Dodged            |    25 |    19 |   116 |   105 ||   265
   Form: Flux              |       |       |     1 |       ||     1

Table legend: (Time is in decaauts)
 A = Elapsed time spent in this place.
 B = Non-inter-level travel time spent in this place.
 C = Inter-level travel time spent in this place.
 D = Time resting spent in this place.
 E = Time spent auto-exploring this place.
 F = Levels seen in this place.
 G = Mean time per level.
                   A        B        C        D        E       F      G
               +--------+--------+--------+--------+--------+-----+--------+
         Total |   7624 |   7457 |    167 |     49 |   6007 |  10 |  762.4 |
       Dungeon |   7356 |   7189 |    167 |     49 |   5866 |   8 |  919.5 |
        Temple |      1 |      1 |      0 |      0 |      0 |   1 |    1.0 |
         Sewer |    266 |    266 |      0 |      0 |    141 |   1 |  266.0 |
               +--------+--------+--------+--------+--------+-----+--------+

Top non-repeatable levels by time:
     D:8: 1095 daAuts
     D:7: 1087 daAuts
     D:2: 975 daAuts
     D:3: 974 daAuts
     D:6: 933 daAuts
     D:1: 902 daAuts
     D:4: 841 daAuts
     D:5: 546 daAuts
   Sewer: 266 daAuts
  Temple: 1 daAuts
